 Dungeon Sprint DCSS version 0.21.2 (webtiles) character file.

136 Fang the Skirmisher (level 5, -2/38 HPs)
             Began as a Gargoyle Berserker on Dec 19, 2018.
             Was a Priest of Trog.
             Slain by an orc (4 damage)
             ... in the Dungeon (Sprint VII: "The Pits").
             The game lasted 00:00:48 (229 turns).

Fang the Skirmisher (Gargoyle Berserker)             Turns: 229, Time: 00:00:49

Health: -2/38      AC:  6    Str: 22    XL:     5   Next: 19%
Magic:  5/5        EV: 13    Int:  7    God:    Trog [***...]
Gold:   0          SH:  0    Dex:  9    Spells: 4/4 levels left

rFire    . . .     SeeInvis .   j - +2 hand axe
rCold    . . .     Gourm    .   (no shield)
rNeg     + . .     Faith    .   b - +0 animal skin
rPois    ∞         Spirit   .   (no helmet)
rElec    +         Reflect  .   (no cloak)
rCorr    .         Harm     .   (no gloves)
MR       .....     NoTele   +   (no boots)
Stlth    +.........             (no amulet)
HPRegen  0.12/turn              (no ring)
MPRegen  0.09/turn              (no ring)

@: berserk cooldown, slowed, very slow
A: negative energy resistance 1, electricity resistance, unbreathing,
petrification resistance, rot immunity, AC +4
a: Berserk, Trog's Hand, Burn Spellbooks, Renounce Religion


You were in the Dungeon.
You worshipped Trog.
Trog was most pleased with you.
You were not hungry.

You visited 1 branch

Inventory:

Hand Weapons
 j - a +2 hand axe (weapon)
Armour
 b - a +0 animal skin (worn)
Scrolls
 i - a scroll of blinking
 k - 3 scrolls of remove curse
 l - a scroll of summoning
Potions
 a - 2 potions of invisibility
 d - a potion of curing
 e - a potion of heal wounds
 f - a potion of haste
 g - 4 potions of magic
 h - 3 potions of berserk rage
Comestibles
 c - 9 rations


   Skills:
 + Level 7.3 Fighting
 + Level 6.5 Axes
 + Level 3.9 Armour
 + Level 3.1 Dodging


You had 4 spell levels left.
You didn't know any spells.

Dungeon Overview and Level Annotations

Branches:
Dungeon (1/1)

Altars:

Annotations:
D Sigmund


Innate Abilities, Weirdness & Mutations

You are resistant to torment.
Your stone body is resilient. (AC +4)
You are immune to poison.
You resist negative energy. (rN+)
You are resistant to electric shocks. (rElec)
You can survive without breathing.
You are immune to petrification.
You are immune to rotting.


Message History

You are exhausted.
You feel yourself slow down. The orc hits you but does no damage.
Unknown command.
You're too confused to move!
The orc barely misses you. The orc closely misses you.
You feel less confused. Something completely misses you.
The orc hits you but does no damage.
Unknown command.
Something hits you.
* * * LOW HITPOINT WARNING * * *
The orc closely misses you. The orc hits you.
* * * LOW HITPOINT WARNING * * *
Unknown command.
Something hits you.
* * * LOW HITPOINT WARNING * * *
There is an open door here.
The orc closely misses you. Something hits you.
* * * LOW HITPOINT WARNING * * *
You closely miss the orc. The orc hits you.
You die...

##########
##########+##.........
#.?(.')))'.##......#..
##########.##.........
#...........'.........
#+#####'#####......#..
#..@..# #.........
#..o..# ####'#####
###'### #.......#
#.....# #.......#
#...(†# #.......#
####†## #...<...# ....
#.......# .......
#.......#
##########.......#


You could see an orc.

Vanquished Creatures
  A floating eye (D)
  A worker ant (D)
  An ufetubus (D)
  An adder skeleton (D)
  A bat skeleton (D)
  2 jackals (D)
  A giant cockroach zombie (D)
8 creatures vanquished.

Notes
Turn   | Place    | Note
-------+----------+-------------------------------------------
     0 | D        | Fang the Gargoyle Berserker began the quest for the Orb.
     0 | D        | Reached XP level 1. HP: 14/14 MP: 1/1
    11 | D        | Noticed a worker ant
    19 | D        | Killed a worker ant
    19 | D        | Reached skill level 5 in Fighting
    19 | D        | Reached XP level 2. HP: 14/21 MP: 2/2
    19 | D        | Reached XP level 3. HP: 18/26 MP: 3/3
   155 | D        | Noticed a floating eye
   161 | D        | Paralysed by a floating eye for 2 turns
   164 | D        | Killed a floating eye
   164 | D        | Reached skill level 7 in Fighting
   164 | D        | Reached XP level 4. HP: 34/34 MP: 4/4
   164 | D        | Reached XP level 5. HP: 38/38 MP: 5/5
   165 | D        | Reached ** piety under Trog
   205 | D        | Noticed Sigmund
   205 | D        | Reached *** piety under Trog
   218 | D        | Received a gift from Trog
   229 | D        | Slain by an orc

Skill      XL: |  1  2  3 |
---------------+----------+-----
Fighting       | 5 7 |  7.3
Axes           | 4 6 |  6.5
Dodging        | 2 3 |  3.1
Armour         | 3 |  3.9

Action                   |  1- 3 |  4- 6 || total
-------------------------+-------+-------++-------
Melee: Hand axe          |    14 |    23 ||    37
Invok: Berserk           |       |     1 ||     1
Armor: Animal skin       |     7 |    17 ||    24
Dodge: Dodged            |     7 |    14 ||    21
